 Dungeon Crawl Stone Soup version 0.31-a0-1074-g0b22e4e0f1 (webtiles) character file.

Game seed: 2297227216053856268

312 grandjackal the Vexing (level 6, -44/41 HPs)
             Began as a Vampire Enchanter on Dec 2, 2023.
             Killed by an exploding jackal (63 damage)
             ... ignited by their inner flame
             ... on level 4 of the Dungeon.
             The game lasted 00:06:09 (2410 turns).

grandjackal the Vexing (Vampire Enchanter)          Turns: 2410, Time: 00:06:09

Health: -44/41     AC:  3    Str:  7    XL:     6   Next: 18%
Magic:  9/9        EV: 12    Int: 20    God:
Gold:   207        SH:  0    Dex: 14    Spells: 1/9 levels left

rFire   x . .        a - +1 dagger
rCold   + . .        (no shield)
rNeg    . . .        b - +0 robe
rPois   +            (no helmet)
rElec   .            r - +0 cloak {rPois}
rCorr   .            (no gloves)
SInv    +            (no boots)
Will    .....        (no amulet)
Stlth   +++          n - ring of ice
HPRegen 0.46/turn    (no ring)
MPRegen 0.11/turn

%: no passive effects
@: healing quickly
A: alive, fangs 3, see invisible, vampiric 2
a: Exsanguinate


You were on level 4 of the Dungeon.
You visited 1 branch of the dungeon, and saw 4 of its levels.

You collected 207 gold pieces.

Inventory:

Hand Weapons
 a - a +1 dagger (weapon)
 m - the +7 Throatcutter {drain, coup de grace}
   (You found it on level 2 of the Dungeon)
Missiles
 o - a throwing net
Armour
 b - a +0 robe (worn)
 r - a +0 cloak of poison resistance (worn)
Jewellery
 n - a ring of ice (left hand)
Wands
 q - a wand of flame (12)
Scrolls
 e - a scroll of identify
 g - a scroll of fog {unknown}
 h - 3 scrolls of teleportation {unknown}
 j - a scroll of acquirement {unknown}
 k - 2 scrolls of immolation
 p - a scroll of blinking {unknown}
 s - a scroll of enchant weapon {unknown}
Potions
 c - 2 potions of invisibility
 d - a potion of berserk rage {unknown}
 i - a potion of enlightenment
 l - 3 potions of curing {unknown}


   Skills:
 + Level 4.0 Short Blades
 - Level 2.1 Dodging
 - Level 5.0 Stealth
 - Level 2.0 Spellcasting
 + Level 6.7 Hexes
 + Level 3.1 Ice Magic


You had one spell level left.
You knew the following spells:

 Your Spells              Type           Power      Damage    Failure   Level
a - Ensorcelled Hibernat  Hex/Ice        64%        N/A       3%          2
b - Confusing Touch       Hex            28%        N/A       3%          3
c - Tukima's Dance        Hex            28%        N/A       3%          3

Your spell library contained the following spells:

 Spells                   Type           Power      Damage    Failure   Level
 Dazzling Flash           Conj/Hex       30%        N/A       12%         3


Dungeon Overview and Level Annotations

Branches:
Dungeon (4/15)
 Temple: D:4-7

Altars:
Okawaru

Annotations:
D:4 Menkaure


Innate Abilities, Weirdness & Mutations

Your natural rate of healing is accelerated.
You have razor-sharp teeth.
You have supernaturally acute eyesight. (SInv)
You are afflicted with vampirism and can become a bat while bloodless.


Message History

Menkaure casts a spell.
Menkaure seems to speed up.
The jackal bites you.
The jackal bites you but does no damage.
The jackal attacks as it pursues you! The jackal barely misses you.
The jackal attacks as it pursues you! The jackal completely misses you.
The jackal attacks as it pursues you! The jackal closely misses you.
The jackal attacks as it pursues you! The jackal bites you.
The jackal barely misses you.
You hit the jackal. You bite the jackal, but do no damage.
The jackal is heavily wounded.
The jackal closely misses you.
You barely miss the jackal.
The jackal is heavily wounded.
The jackal misses you.
As you read the scroll labelled QUELLU ZALAYW, it crumbles to dust.
You hear a loud clanging noise!
It was a scroll of noise.
The jackal closely misses you. The jackal barely misses you.
The jackal bites you but does no damage.
The jackal bites you.
Okay, then.
As you read the scroll labelled IFOMOA GULIO, it crumbles to dust.
The creatures around you are filled with an inner flame!
It was a scroll of immolation.
The jackal bites you but does no damage.
The jackal bites you. The jackal barely misses you. The jackal bites you.
The jackal closely misses you.
As you read the scroll labelled UROGEN CAPUETHE, it crumbles to dust.
It is a scroll of identify.
i - a potion of enlightenment Menkaure calls on the powers of darkness!
The jackal convulses!
Flame seeps out of the jackal.
The endoplasm convulses!
Flame seeps out of the endoplasm.
Your body is wracked with pain!
The jackal convulses!
Flame seeps out of the jackal.
The jackal is engulfed in blazing flames.
The jackal explodes!
The fiery explosion engulfs the jackal!!!
The fiery explosion engulfs you!!! The fire burns you terribly!
Ouch! That really hurt!
You die...

............####
#.............#
#.............#
###.............#
#........J......#
#......M.h......#
#....#######M...#
#.. #§hJ.# .
#@○§.# #§§§.#
######


You could see Menkaure (fast, inner flame), an endoplasm (inner flame) and a
jackal (inner flame).

Vanquished Creatures
  A hound (D:4)
  Crazy Yiuf (D:3)
  An iguana (D:4)
  Terence (D:2)
  Natasha (thrice) (D:2)
  5 adders
  3 worms
  7 orcs
  5 ball pythons
  3 endoplasms
  2 giant cockroaches
  4 goblins
  4 hobgoblins
  11 jackals
  2 kobolds (D:1)
  4 quokkas
  5 bats
  4 frilled lizards
  4 rats
70 creatures vanquished.

Notes
Turn   | Place    | Note
-------+----------+-------------------------------------------
     0 | D:1      | grandjackal the Vampire Enchanter began the quest for the
                  | Orb.
     0 | D:1      | Reached XP level 1. HP: 13/13 MP: 3/3
   178 | D:1      | Reached XP level 2. HP: 19/19 MP: 5/5
   181 | D:1      | Learned a level 2 spell: Ensorcelled Hibernation
   454 | D:1      | Reached skill level 5 in Stealth
   584 | D:2      | Reached skill level 5 in Hexes
   584 | D:2      | Reached skill level 1 in Ice Magic
   584 | D:2      | Gained mutation: You are afflicted with vampirism and can
                  | become a bat while bloodless. [Vampire growth]
   584 | D:2      | Reached XP level 3. HP: 24/24 MP: 6/6
   588 | D:2      | Learned a level 3 spell: Confusing Touch
   757 | D:2      | Noticed Natasha
   821 | D:2      | Killed Natasha
   822 | D:2      | Reached XP level 4. HP: 30/30 MP: 2/7
   981 | D:2      | Noticed Natasha
   987 | D:2      | Killed Natasha
  1021 | D:2      | Noticed Natasha
  1028 | D:2      | Killed Natasha
  1087 | D:2      | Reached XP level 5. HP: 35/35 MP: 8/8
  1131 | D:2      | Found the +7 Throatcutter {drain, coup de grace}
  1171 | D:2      | Noticed Terence
  1176 | D:2      | Killed Terence
  1177 | D:2      | Reached skill level 6 in Hexes
  1265 | D:2      | Learned a level 3 spell: Tukima's Dance
  1646 | D:3      | Found an iron altar of Okawaru.
  1795 | D:3      | Found a runed translucent door.
  1796 | D:3      | Noticed Crazy Yiuf
  2040 | D:3      | Killed Crazy Yiuf
  2246 | D:4      | Reached XP level 6. HP: 41/41 MP: 4/9
  2397 | D:4      | Noticed Menkaure
  2410 | D:4      | Killed by an exploding jackal... ignited by their inner
                  | flame

Illustrated notes

Levels and vault maps discovered:
D:1:      minmay_arrival_arboretum_small, layout_basic, serial_curves,
          eino_curves_04, eino_curves_04, minmay_heptomino_l4
D:2:      layout_rooms, uniq_natasha, uniq_terence
D:3:      layout_rooms, okawaru_gym_becter, uniq_crazy_yiuf_cottage
D:4:      kennysheep_kobold_camp, layout_basic, minmay_quantized, uniq_menkaure

Skill      XL: |  1  2  3  4  5  6 |
---------------+-------------------+-----
Stealth        | 5 |  5.0
Short Blades   | 2 3 4 |  4.0
Hexes          | 5 6 |  6.7
Ice Magic      | 1 2 3 |  3.1
Dodging        | |  2.1
Spellcasting   | |  2.0

Action                     |  1- 3 |  4- 6 || total
---------------------------+-------+-------++-------
  Melee: Dagger            |   103 |   117 ||   220
         Bite              |    10 |     8 ||    18
   Cast: Ensorcelled Hiber |     4 |    17 ||    21
    Use: Scroll            |       |     3 ||     3
   Stab: Sleeping          |    11 |    24 ||    35
         Distracted        |     1 |       ||     1
 Armour: Robe              |    51 |    72 ||   123
  Dodge: Dodged            |    72 |    73 ||   145

Table legend: (Time is in decaauts)
 A = Elapsed time spent in this place.
 B = Non-inter-level travel time spent in this place.
 C = Inter-level travel time spent in this place.
 D = Time resting spent in this place.
 E = Time spent auto-exploring this place.
 F = Levels seen in this place.
 G = Mean time per level.
                   A        B        C        D        E       F      G
               +--------+--------+--------+--------+--------+-----+--------+
         Total |   2383 |   2299 |     84 |    372 |   1209 |   4 |  595.8 |
       Dungeon |   2383 |   2299 |     84 |    372 |   1209 |   4 |  595.8 |
               +--------+--------+--------+--------+--------+-----+--------+

Top non-repeatable levels by time:
     D:3: 857 daAuts
     D:2: 701 daAuts
     D:1: 578 daAuts
     D:4: 245 daAuts
